 Dungeon Crawl Stone Soup version 0.32-a0-938-g40ac7a0f4d (webtiles) character file.

Game seed: 558482260638240097

422 Autsider the Vexing (level 7, -1/48 (50) HPs)
             Began as a Formicid Hexslinger on Apr 15, 2024.
             Was an Initiate of Okawaru.
             Slain by a wight
             ... wielding a +0 flail
              (3 damage)
             ... in an ossuary.
             The game lasted 00:14:09 (3032 turns).

Autsider the Vexing (Formicid Hexslinger)           Turns: 3032, Time: 00:14:10

HP:   -1/48 (50)    AC:  3    Str: 13    XL:     7   Next: 17%
MP:   1/6           EV: 11    Int: 12    God:    Okawaru [......]
Gold: 56            SH:  5    Dex: 18    Spells: 7/10 levels left

rFire   . . .        v - +1 sling (antimagic)
rCold   . . .        (no shield)
rNeg    . . .        c - +0 robe
rPois   .            (helmet unavailable)
rElec   .            q - scarf {repulsion}
rCorr   .            m - +0 pair of gloves
SInv    +            (no boots)
Will    .....        r - amulet of reflection
Stlth   +++          j - ring of magical power
HPRegen 0.28/turn    (no ring)
MPRegen 0.10/turn

%: repel missiles, reflection
@: mighty, lightly drained
A: permanent stasis, dig shafts and tunnels, antennae 3, four strong arms
a: Dig, Renounce Religion


You were in an ossuary.
You worshipped Okawaru.
Okawaru was noncommittal.
You visited 2 branches of the dungeon, and saw 5 of its levels.
You also visited: Ossuary.

You collected 56 gold pieces.

Inventory:

Hand Weapons
 a - a +1 sling
 n - a +3 dagger
 v - a +1 antimagic sling (weapon)
Armour
 c - a +0 robe (worn)
 m - a +0 pair of gloves (worn)
 q - a scarf of repulsion (worn)
Jewellery
 j - a ring of magical power (left hand)
 r - an amulet of reflection (around neck)
 w - a ring of ice
Talismans
 e - a beast talisman
Wands
 u - a wand of flame (20)
Scrolls
 b - 3 scrolls of poison
 d - a scroll of revelation
 f - a scroll of acquirement
 g - a scroll of fear
 h - a scroll of fog
 s - a scroll of immolation
 t - 2 scrolls of amnesia {unknown}
 x - 2 scrolls of enchant armour {unknown}
Potions
 i - 3 potions of might
 k - a potion of attraction {unknown}
 l - a potion of degeneration {unknown}
 o - a potion of brilliance {unknown}
 p - a potion of enlightenment {unknown}


   Skills:
 - Level 2.0 Fighting
 * Level 5.0 Ranged Weapons
 - Level 1.7 Dodging
 + Level 4.3 Stealth
 - Level 2.0 Spellcasting
 - Level 5.0 Hexes
 - Level 1.0 Fire Magic


You had 7 spell levels left.
You knew the following spells:

 Your Spells              Type           Power      Damage    Failure   Level
a - Sigil of Binding      Hex            13%        N/A       11%         3

Your spell library contained the following spells:

 Spells                   Type           Power      Damage    Failure   Level
 Jinxbite                 Hex            26%        N/A       5%          2
 Inner Flame              Hex/Fire       8%         N/A       24%         3
 Apportation              Tloc           2%         N/A       26%         1
 Cause Fear               Hex            6%         N/A       34%         4
 Dimensional Bullseye     Hex/Tloc       3%         N/A       67%         4
 Alistair's Intoxication  Alch           0%         N/A       100%        5


Dungeon Overview and Level Annotations

Branches:
Dungeon (4/15)             Temple (1/1) D:4         Ossuary (1/1)

Altars:
Ashenzari
Dithmenos
Hepliaklqana
Nemelex Xobeh
Okawaru
Sif Muna
Uskayaw
Yredelemnul
Lugonu

Annotations:
D:2 exclusion: 2 doors, Sigmund
D:3 exclusion: downstairs


Innate Abilities, Weirdness & Mutations

You cannot be hasted, slowed, berserked, paralysed or teleported.
You can dig through walls and to a lower floor.
You have a pair of large antennae on your head. (SInv)
Your four strong arms can wield two-handed weapons with a shield.


Message History

Fire: v) +1 sling (antimagic)
Press: ? - help, Shift-Dir - straight line, f/p - wight
Aim: a wight, wielding a +0 flail and wearing a +0 robe (heavily damaged, 63% to hit)
You shoot a sling bullet.
The sling bullet closely misses the wight.
The wight hits you with a +0 flail!
* * * LOW HITPOINT WARNING * * *
Fire: v) +1 sling (antimagic)
Press: ? - help, Shift-Dir - straight line, f/p - wight
Aim: a wight, wielding a +0 flail and wearing a +0 robe (heavily damaged, 63% to hit)
You shoot a sling bullet. The sling bullet hits the wight.
The wight is severely damaged.
The wight barely misses you.
Fire: v) +1 sling (antimagic)
Press: ? - help, Shift-Dir - straight line, f/p - wight
Aim: a wight, wielding a +0 flail and wearing a +0 robe (severely damaged, 63% to hit)
You shoot a sling bullet.
The sling bullet hits the wight but does no damage.
The wight is severely damaged.
The wight closely misses you.
Fire: v) +1 sling (antimagic)
Press: ? - help, Shift-Dir - straight line, f/p - wight
Aim: a wight, wielding a +0 flail and wearing a +0 robe (severely damaged, 63% to hit)
You shoot a sling bullet.
The sling bullet barely misses the wight.
The wight closely misses you.
Fire: v) +1 sling (antimagic)
Press: ? - help, Shift-Dir - straight line, f/p - wight
Aim: a wight, wielding a +0 flail and wearing a +0 robe (severely damaged, 63% to hit)
You shoot a sling bullet.
The sling bullet closely misses the wight.
The wight hits you with a +0 flail!
* * * LOW HITPOINT WARNING * * *
The wight closely misses you.
It was a potion of might.
You feel very mighty all of a sudden. The wight hits you with a +0 flail!
* * * LOW HITPOINT WARNING * * *
You feel drained.
You die...

#..#♣#.###.#♣#..#
#...............#
#♣....##'##....♣#
#### ♣.♣######
###.### #z#)#z#
###^### #z# #@#
#^# ###.###
#.....# #.♣.ß.#
#.....#
###.ß.♣.###
#.'.....'.#
#.###♣###.#


You could see a wight.

Vanquished Creatures
  2 phantoms (D:4)
  2 burial acolytes (Ossuary)
  A bombardier beetle (D:4)
  A hound (D:4)
  5 adders
  2 adder skeletons (Ossuary)
  A dart slug (D:2)
  3 orcs (D:3)
  7 ball pythons
  4 bats
  2 endoplasms
  2 giant cockroaches
  5 goblins
  2 hobgoblins
  4 jackals (D:1)
  6 kobolds
  2 quokkas
  2 ball python skeletons (Ossuary)
  A frilled lizard (D:1)
  A hobgoblin skeleton (Ossuary)
  A kobold skeleton (Ossuary)
  3 orc skeletons (Ossuary)
  3 rats (D:2)
62 creatures vanquished.

Notes
Turn   | Place    | Note
-------+----------+-------------------------------------------
     0 | D:1      | Autsider the Formicid Hexslinger began the quest for the
                  | Orb.
     0 | D:1      | Reached XP level 1. HP: 15/15 MP: 2/2
   278 | D:1      | Reached XP level 2. HP: 21/21 MP: 3/3
   287 | D:1      | Reached skill level 1 in Stealth
   678 | D:2      | Reached XP level 3. HP: 27/27 MP: 4/4
  1131 | D:2      | Found a broken altar of Ashenzari.
  1151 | D:2      | Found a faded altar of an unknown god.
  1159 | D:2      | Reached XP level 4. HP: 31/33 MP: 6/6
  1179 | D:2      | Noticed Sigmund
  2374 | D:4      | Noticed a phantom
  2405 | D:4      | Identified a scroll of acquirement
  2452 | D:4      | Reached XP level 5. HP: 38/38 MP: 5/8
  2475 | D:4      | Noticed a phantom
  2490 | D:4      | Killed a phantom
  2491 | D:4      | Reached XP level 6. HP: 26/44 MP: 6/9
  2570 | D:4      | Reached skill level 5 in Hexes
  2626 | D:4      | Found a staircase to the Ecumenical Temple.
  2635 | Temple   | Entered the Ecumenical Temple
  2648 | Temple   | Became a worshipper of Warmaster Okawaru
  2712 | D:4      | Found a sand-covered staircase.
  2752 | D:4      | Learned a level 3 spell: Sigil of Binding
  2803 | Ossuary  | Entered an ossuary
  2975 | Ossuary  | Noticed a laughing skull
  2981 | Ossuary  | Noticed a laughing skull
  2983 | Ossuary  | Noticed a laughing skull
  3005 | Ossuary  | Reached XP level 7. HP: 40/50 MP: 1/10
  3007 | Ossuary  | Reached skill level 5 in Ranged Weapons
  3032 | Ossuary  | HP: 2/50 [wight/+0 flail (8)]
  3032 | Ossuary  | Slain by a wight

Illustrated notes

Levels and vault maps discovered:
D:1:      saegor_arrival_simple_d, layout_rooms, nrook_loot_triangle,
          chequers_avenue
D:2:      layout_loops_ring, shapermc_ecumenical_altar_notcrosses, basic_altar,
          uniq_sigmund
D:3:      layout_basic
D:4:      layout_gridville, minmay_temple_entry_enclosed_plants,
          nicolae_ossuary_entry_false_entrances, serial_rivers,
          chequers_serial_rivers_room_b, chequers_serial_rivers_room_b,
          chequers_serial_rivers_marsh, chequers_serial_rivers_micro_a,
          chequers_serial_rivers_room_a
Temple:   corrupted_temple
Ossuary:  ossuary_due_cavern

Skill      XL: |  1  2  3  4  5  6  7 |
---------------+----------------------+-----
Stealth        | 1 2 3 4 |  4.3
Hexes          | 4 5 |  5.0
Fighting       | 2 |  2.0
Ranged Weapons | 3 4 5 |  5.0
Spellcasting   | 2 |  2.0
Dodging        | |  1.7
Fire Magic     | |  1.0

Action                     |  1- 3 |  4- 6 |  7- 9 || total
---------------------------+-------+-------+-------++-------
   Fire: Sling             |    79 |   146 |    16 ||   241
   Cast: Sigil of Binding  |       |     1 |     1 ||     2
    Use: Scroll            |       |     7 |       ||     7
         Potion            |       |       |     1 ||     1
 Armour: Robe              |    20 |    36 |     5 ||    61
  Dodge: Dodged            |    26 |    35 |     9 ||    70
  Block: Other             |       |    15 |     1 ||    16

Table legend: (Time is in decaauts)
 A = Elapsed time spent in this place.
 B = Non-inter-level travel time spent in this place.
 C = Inter-level travel time spent in this place.
 D = Time resting spent in this place.
 E = Time spent auto-exploring this place.
 F = Levels seen in this place.
 G = Mean time per level.
                   A        B        C        D        E       F      G
               +--------+--------+--------+--------+--------+-----+--------+
         Total |   3092 |   2961 |    131 |    235 |   1813 |   6 |  515.3 |
       Dungeon |   2827 |   2720 |    107 |    227 |   1801 |   4 |  706.8 |
        Temple |     26 |      2 |     24 |      0 |      0 |   1 |   26.0 |
       Ossuary |    237 |    237 |      0 |      8 |     12 |   1 |  237.0 |
               +--------+--------+--------+--------+--------+-----+--------+

Top non-repeatable levels by time:
     D:2: 906 daAuts
     D:3: 896 daAuts
     D:1: 630 daAuts
     D:4: 394 daAuts
 Ossuary: 237 daAuts
  Temple: 26 daAuts
